 Dungeon Crawl Stone Soup version 0.29.1-12-g30fa7ad0bf (webtiles) character file.

Game seed: 6090616035644865657

414 booth the Ruffian (level 6, -11/57 HPs)
             Began as a Troll Gladiator on Jan 5, 2023.
             Mangled by an ogre
             ... wielding a +0 giant club
              (21 damage)
             ... on level 4 of the Dungeon.
             The game lasted 00:19:32 (2330 turns).

booth the Ruffian (Troll Gladiator)                 Turns: 2330, Time: 00:19:33

Health: -11/57     AC:  5    Str: 25    XL:     6   Next: 60%
Magic:  5/5        EV: 10    Int:  4    God:
Gold:   229        SH:  0    Dex: 11    Spells: 5/5 levels left

rFire   . . .      SeeInvis .     - Unarmed
rCold   . . .      Faith    .   (no shield)
rNeg    . . .      Spirit   .   a - +0 robe
rPois   .          Reflect  .   b - +0 hat
rElec   .          Harm     .   m - +0 cloak
rCorr   .          Rampage  .   (gloves unavailable)
Will    +....                   (boots unavailable)
Stlth   +.........              (no amulet)
HPRegen 0.99/turn               j - ring of willpower
MPRegen 0.09/turn               (no ring)

@: no status effects
A: large, unfitting armour, claws 3, regeneration 1, shaggy fur 1, tough skin 1
a: no special abilities


You were on level 4 of the Dungeon.
You visited 1 branch of the dungeon, and saw 4 of its levels.

You collected 229 gold pieces.

Inventory:

Missiles
 c - 3 throwing nets (quivered)
 g - 16 stones
Armour
 a - a +0 robe (worn)
 b - a +0 hat (worn)
 m - a +0 cloak (worn)
Jewellery
 e - an amulet of magic regeneration
 j - a ring of willpower (left claw)
 p - a +6 ring of intelligence
Scrolls
 q - a scroll of fog
 s - a scroll of enchant weapon
Potions
 f - a potion of magic
 h - a potion of lignification {unknown}
 i - 2 potions of curing
 k - a potion of resistance
 l - a potion of attraction {unknown}
 n - a potion of haste {unknown}
 o - a potion of heal wounds {unknown}


   Skills:
 + Level 2.2 Fighting
 + Level 2.1 Throwing
 + Level 3.8 Dodging
 + Level 0.3 Stealth
 + Level 6.0 Unarmed Combat


You had 5 spell levels left.
You didn't know any spells.
Your spell library contained the following spells:

 Spells                   Type           Power      Damage    Failure   Level
 Apportation              Tloc           0%         N/A       50%         1
 Necrotise                Necr           0%         1d4       50%         1
 Summon Small Mammal      Summ           0%         N/A       50%         1
 Animate Armour           Summ/Erth      0%         N/A       99%         4
 Blade Hands              Tmut           0%         N/A       100%        5
 Iron Shot                Conj/Erth      0%         9d1       100%        6


Dungeon Overview and Level Annotations

Branches:
Dungeon (4/15)
 Temple: D:4-7

Altars:
Sif Muna

Shops:
D:2 :


Innate Abilities, Weirdness & Mutations

You are too large for most types of armour.
You have claws for hands.
Your natural rate of healing is unusually fast.
You are covered in fur. (AC +1)
You have tough skin. (AC +1)


Message History

You kill the scorpion!
Your Unarmed Combat skill increases to level 6!
You open the door.
Found a falchion.
There is an open door here.
Found a yellow potion.
You see here a +0 falchion.
o - a yellow potion
Found a stone staircase leading up.
A goblin comes into view. It is wielding a +1 antimagic dagger.
Found a robe.
The goblin shouts!
You hear a shout!
An ogre comes into view. It is wielding a +0 giant club.
A hound comes into view.
You claw the goblin!
You kill the goblin!
Throw: large rock
Press: ? - help, Q - select action, (/) - cycle Shift-Dir - straight line, f - ogre
Aim: an ogre, wielding a +0 giant club (73% to hit)
You throw a large rock. The large rock barely misses the ogre.
The ogre hits you with a +0 giant club!!
Ouch! That really hurt!
You claw the ogre!
The ogre is moderately wounded.
The ogre hits you with a +0 giant club!
* * * LOW HITPOINT WARNING * * *
A ball python comes into view.
The ball python hisses angrily.
You mangle the ball python!!
You kill the ball python!
You scratch the ogre.
The ogre is heavily wounded.
The ogre hits you with a +0 giant club!
* * * LOW HITPOINT WARNING * * *
You claw the ogre!
The ogre is almost dead.
You barely miss the ogre.
The ogre is almost dead.
The ogre hits you with a +0 giant club!!
You die...

#..######...# .....
#.....)..(#.###..#.
#..#####..#......#.
#..# #....###....#.
#..# #.#.........#†
#..# #.#.#.).....'.
#..# #.####......#.
#.O# #.# #......#.
#.@# #<# #......#.
#.†# ### ########.
#..# #. #... ##
#..# #... #.## ##


You could see an ogre.

Vanquished Creatures
  2 scorpions (D:4)
  4 orc priests
  2 orc wizards (D:3)
  4 adders
  A white imp (D:3)
  A worm (D:2)
  3 dart slugs
  10 orcs
  4 ball pythons
  7 endoplasms
  A giant cockroach (D:2)
  2 goblins
  9 hobgoblins
  4 jackals (D:2)
  3 quokkas
  5 bats
  5 frilled lizards
  7 kobolds
  6 rats
80 creatures vanquished.

Notes
Turn   | Place    | Note
-------+----------+-------------------------------------------
     0 | D:1      | booth the Troll Gladiator began the quest for the Orb.
     0 | D:1      | Reached XP level 1. HP: 19/19 MP: 0/0
   183 | D:1      | Reached XP level 2. HP: 25/28 MP: 1/1
   591 | D:1      | Reached XP level 3. HP: 35/35 MP: 2/2
  1048 | D:2      | Reached skill level 4 in Unarmed Combat
  1070 | D:2      | Reached XP level 4. HP: 42/42 MP: 3/3
  1261 | D:2      | Found Soned's Book Emporium.
  1495 | D:3      | Reached XP level 5. HP: 49/49 MP: 4/4
  1771 | D:3      | Found a shimmering blue altar of Sif Muna.
  1803 | D:3      | Found a faded altar of an unknown god.
  1975 | D:3      | Reached skill level 5 in Unarmed Combat
  2167 | D:4      | Reached XP level 6. HP: 57/57 MP: 5/5
  2288 | D:4      | Reached skill level 6 in Unarmed Combat
  2330 | D:4      | Mangled by an ogre

Illustrated notes

Levels and vault maps discovered:
D:1:      minmay_arrival_hallway, layout_loops_cross,
          chequers_hall_statues_wall_a
D:2:      layout_loops_ring, serial_shops, shop_fountains, minmay_misc_feat_five
D:3:      layout_rooms, lemuel_doored_altar, serial_curves, eino_curves_03,
          eino_curves_03, eino_curves_03, eino_curves_04,
          ebering_ecumenical_altar_webs
D:4:      cheibrodos_pilgrimage, layout_basic, minmay_temple_entry_fiery,
          hangedman_abyss_or_decor_stabs, chequers_serial_rivers_large_a,
          uniq_blork_the_orc, uniq_grinder, uniq_robin

Skill      XL: |  1  2  3  4  5  6 |
---------------+-------------------+-----
Throwing       | 2 |  2.1
Dodging        | 3 |  3.8
Unarmed Combat | 4 5 6 |  6.0
Fighting       | 2 |  2.2
Stealth        | |  0.3

Action                   |  1- 3 |  4- 6 || total
-------------------------+-------+-------++-------
Melee: Unarmed           |   105 |    97 ||   202
       Punch             |     1 |     4 ||     5
Throw: Large rock        |       |     3 ||     3
  Use: Scroll            |     5 |     2 ||     7
       Potion            |       |     5 ||     5
 Stab: Sleeping          |       |     1 ||     1
Armor: Robe              |    37 |    25 ||    62
Dodge: Dodged            |    42 |    41 ||    83
